wizhack, neutral female sylph Wizard ----------- . .......|# . -----..-# ------------ ..|(((|..|## |..........| ..|(((|..|# |........<.| -.|...|..|## +..........| |.-|---..|# ------.----- |........|### ## - -----a.-----.| # # |.......E+ |.| ### ### --+--.)%.| |.- # # ----.- -.| ### ## +. .| # ---|- |. .| ###|...| -.G .| #-.%.| .@ .| |...| ---- --- ----- wizhack the Thaumaturge Experience level: 6 Strength: 10 Dexterity: 9 Constitution: 12 Intelligence: 19 Wisdom: 18 Charisma: 8 Health: 0(47) Energy: 83(91) Def: 1 Gold: 410 Moves: 2073 Dungeon seed: DT0IUmw5EIeToCDm Game ID: wizhack_1464271313 Your Inventory: Coins $ - 410 gold pieces Weapons a - a blessed +1 quarterstaff (weapon in hands) l - an uncursed +0 dwarvish mattock z - 7 uncursed +0 daggers (in quiver) S - an uncursed poisoned +0 dart Armor e - an uncursed +0 cloak of magic resistance (being worn) m - an uncursed +0 dwarvish cloak J - an uncursed +0 dwarvish cloak K - an uncursed +0 pair of kicking boots N - a cursed +0 dwarvish cloak P - an uncursed +0 dwarvish cloak W - an uncursed +0 dwarvish cloak Y - an uncursed +0 dwarvish cloak Z - a blessed +0 dwarvish cloak Comestibles h - an uncursed tin of sewer rat meat q - 2 uncursed sprigs of wolfsbane x - an uncursed tripe ration C - 2 uncursed cherries Q - an uncursed fortune cookie R - an uncursed cream pie Wands I - an uncursed wand of teleportation (0:4) Tools r - an uncursed leash A - an uncursed tin opener B - an uncursed sack M - 5 uncursed tallow candles (0:200) Gems n - an uncursed worthless piece of black glass y - 2 uncursed worthless pieces of violet glass T - an uncursed worthless piece of blue glass U - an uncursed worthless piece of green glass V - 2 uncursed amber stones Contents of the sack: an uncursed scroll of blank paper an uncursed scroll of enchant armor a blessed scroll of identify an uncursed scroll of identify an uncursed scroll of punishment an uncursed scroll of scare monster an uncursed scroll of teleportation an uncursed spellbook of clairvoyance a cursed spellbook of clairvoyance a blessed spellbook of force bolt an uncursed potion of confusion an uncursed potion of extra healing an uncursed potion of gain energy a blessed potion of healing an uncursed potion of sickness an uncursed wand of nothing (0:8) an uncursed wand of nothing (0:7) an uncursed tallow candle (0:200) 2 uncursed worthless pieces of violet glass 2 uncursed worthless pieces of yellow glass Spells and supernatural/magical abilities: Name Level Category Fail Memory a - force bolt 1 attack 0% 90% v - clairvoyance 3 divination 71% 90% W - pray for help -- divine ? -- Your skills at the end: Miscellaneous Skills wands [Basic] Weapon Skills quarterstaff [Basic] Spellcasting Skills attack spells [Basic] enchantment spells [Basic] Final Attributes: You were devoutly aligned. You were magic-protected. You saw invisible. You had infravision. You were stealthy. You were protected from shape changers. You are dead. Vanquished creatures: a gnome king a dwarf mummy a soldier ant a bugbear a shrieker 2 gnome lords a gnomish wizard 2 floating eyes 8 dwarves 2 homunculi a giant bat 2 dwarf zombies a large kobold 2 geckos a giant rat a brown mold 12 gnomes 2 manes 10 jackals 4 kobolds 5 newts 4 sewer rats 2 grid bugs 3 lichens 70 creatures vanquished. Voluntary challenges: You followed a strict vegan diet. You did not adorn yourself with jewelry or accessories. You used a wielded weapon 112 times, starting on turn 54. You did not apply a unicorn horn. You read items or engraved 2 times, starting on turn 2057. You never genocided any monsters. You never polymorphed an object. You never changed form. You used no wishes. You never split a pudding. You wrote Elbereth's name 2 times, starting on turn 2057. You never violated your personal moral code. Dungeon overview: The Dungeons of Doom: levels 1 to 5 Level 1 a long staircase Level 2 a scroll shop, some fountains Level 3 a fountain Level 4 a fountain stairs to The Gnomish Mines Level 5 a fountain The Gnomish Mines: levels 5 to 8 Level 5 stairs to The Dungeons of Doom Level 6 Level 7 Level 8 <- You were here a lighting shop History has recorded: On T:1 you entered the Dungeons of Doom to retrieve the Amulet of Yendor! On T:245 you advanced to experience level 2. On T:251 you reached level 2 of The Dungeons of Doom. On T:624 you advanced to experience level 3. On T:787 you reached level 3 of The Dungeons of Doom. On T:824 you reached level 4 of The Dungeons of Doom. On T:1154 you reached level 5 of The Dungeons of Doom. On T:1238 you advanced to experience level 4. On T:1382 you reached level 1 of The Gnomish Mines. On T:1424 you advanced to experience level 5. On T:1497 you reached level 2 of The Gnomish Mines. On T:1647 you reached level 3 of The Gnomish Mines. On T:1761 you advanced to experience level 6. On T:1975 you reached level 4 of The Gnomish Mines. Score breakdown: Gold: 410 ( 41 points) Experience: 6 levels ( 500 points) Exploration: 8 levels ( 210 points) Discoveries: 4 items ( 200 points) Variety of kills: 24 monsters ( 1200 points) Major goal: (nothing yet) ( 0 points) Survival: died (score multiplied by 3) Total score: 6453 Latest messages: You put a brown potion into the bag. You put a sky blue potion into the bag. You put a murky potion into the bag. You put a blessed potion of healing into the bag. You put an uncursed potion of gain energy into the bag. You put an uncursed wand of nothing (0:8) into the bag. You put a wand of nothing into the bag. You put a jeweled wand into the bag. You put a candle into the bag. You put 2 yellow gems into the bag. You put 2 violet gems into the bag. The spell misses the fire ant. The fire ant bites! You die... Final status: Goodbye wizhack the Wizard, killed by a fire ant... You died in The Gnomish Mines on dungeon level 8 with 6453 points, and 410 pieces of gold, after 2073 moves. You were level 6 with a maximum of 47 hit points when you died.